 Dungeon Crawl Stone Soup version 0.30-a0-339-g89bb51ec76 (webtiles) character file.

Game seed: 5009185281770532073

5371 hnicke the Transmogrifier (level 10, -8/76 HPs)
             Began as a Merfolk Transmuter on Nov 1, 2022.
             Was a Believer of Wu Jian.
             Shot with an arrow by a centaur (12 damage)
             ... on level 9 of the Dungeon.
             The game lasted 00:54:08 (15086 turns).

hnicke the Transmogrifier (Merfolk Transmuter)     Turns: 15086, Time: 00:54:11

Health: -8/76      AC:  3    Str: 19    XL:     10   Next: 66%
Magic:  11/13      EV: 18    Int: 12    God:    Wu Jian [**....]
Gold:   379        SH:  0    Dex: 11    Spells: 1/13 levels left

rFire   . . .      SeeInvis .    r - +6 dagger of Kindness {vorpal, rPois Str+3 Dex-3}
rCold   . . .      Faith    .    (no shield)
rNeg    + . .      Spirit   .    a - +0 robe
rPois   +          Reflect  .    (helmet currently unavailable)
rElec   .          Harm     .    v - +0 cloak {rCorr}
rCorr   +          Rampage  .    (no gloves)
Will    .....                    (boots currently unavailable)
Stlth   +.........               (no amulet)
HPRegen 0.32/turn                k - +4 ring of evasion
MPRegen 0.13/turn                w - ring of positive energy

@: appendages
A: horns 2, (nimble swimmer 2), mertail
a: End Transformation, Renounce Religion, Wall Jump


You were on level 9 of the Dungeon.
You worshipped Wu Jian.
Wu Jian was pleased with you.
You had temporarily grown beastly horns.
You visited 2 branches of the dungeon, and saw 10 of its levels.

You collected 468 gold pieces.
You spent 89 gold pieces at shops.

Inventory:

Hand Weapons
 r - the +6 dagger of Kindness (weapon) {vorpal, rPois Str+3 Dex-3}
   (You found it on level 3 of the Dungeon)

   It inflicts extra damage upon your enemies.
   Str:       It affects your strength (+3).
   Dex:       It affects your dexterity (-3).
   rPois:     It protects you from poison.
Missiles
 b - a throwing net (quivered)
 e - 108 stones
 n - 6 poisoned darts
 A - 4 boomerangs
 J - 2 atropa-tipped darts
Armour
 a - a +0 robe (worn)
 v - a +0 cloak of preservation (worn)
 O - +0 acid dragon scales
Jewellery
 k - a +4 ring of evasion (left hand)
 w - a ring of positive energy (right hand)
 y - a ring of flight
Wands
 l - a wand of digging (4)
 m - a wand of flame (5)
 z - a wand of paralysis (20)
 E - a wand of iceblast (14)
 F - a wand of light (7)
 H - a wand of mindburst (4)
 P - a wand of polymorph (2)
Scrolls
 c - a scroll of magic mapping {unknown}
 i - a scroll of torment {unknown}
 j - 2 scrolls of fog
 q - 2 scrolls of vulnerability
 s - a scroll of enchant armour {unknown}
 t - 2 scrolls of poison
 u - 2 scrolls of blinking {unknown}
 x - a scroll of silence
 B - 2 scrolls of immolation
 C - 3 scrolls of fear
 K - 2 scrolls of amnesia {unknown}
 L - a scroll of teleportation {unknown}
 M - a scroll of identify
Potions
 d - 2 potions of ambrosia
 f - a potion of invisibility {unknown}
 g - 2 potions of attraction
 h - 2 potions of flight
 o - 6 potions of curing
 p - 4 potions of heal wounds {unknown}
 D - a potion of mutation {unknown}
 G - 3 potions of magic {unknown}
 I - a potion of berserk rage {unknown}
 N - 2 potions of haste {unknown}


   Skills:
 - Level 6.0 Fighting
 - Level 6.7 Dodging
 - Level 9.2 Unarmed Combat
 - Level 2.0 Spellcasting
 - Level 12.0 Transmutations
 - Level 5.0 Ice Magic
 - Level 3.0 Poison Magic
 + Level 3.6 Evocations


You had one spell level left.
You knew the following spells:

 Your Spells              Type           Power      Damage    Failure   Level
b - Beastly Appendage     Tmut           60%        N/A       1%          1
g - Wereblood             Tmut           30%        N/A       1%          2
i - Ice Form              Ice/Tmut       21%        N/A       9%          4
s - Spider Form           Tmut/Pois      19%        N/A       3%          3
t - Blink                 Tloc           2%         N/A       38%         2

Your spell library contained the following spells:

 Spells                   Type           Power      Damage    Failure   Level
 Momentum Strike          Conj/Tloc      2%         3d8       38%         2
 Scorch                   Fire           2%         2d5       38%         2
 Static Discharge         Conj/Air       2%         2-3/arc   38%         2
 Gell's Gravitas          Tloc           1%         N/A       63%         3
 Lesser Beckoning         Tloc           2%         N/A       63%         3
 Teleport Other           Tloc           1%         N/A       63%         3
 Vhi's Electric Charge    Tloc/Air       2%         N/A       63%         3
 Flame Wave               Conj/Fire      1%         2d4       95%         4
 Manifold Assault         Tloc           1%         N/A       95%         4
 Arcjolt                  Conj/Air       0%         1d10      100%        5
 Lightning Bolt           Conj/Air       0%         1d11      100%        5
 Dispersal                Tloc           0%         N/A       100%        6
 Summon Cactus Giant      Summ           0%         N/A       100%        6
 Disjunction              Tloc           0%         N/A       100%        8


Dungeon Overview and Level Annotations

Branches:
Dungeon (9/15)             Temple (1/1) D:7            Lair (0/5) D:9
    Orc: D:9-12

Altars:
Dithmenos
Elyvilon
Hepliaklqana
Qazlal
Ru
Uskayaw
Vehumet
Wu Jian
Zin
The Shining One

Shops:
D:6 ??

Annotations:
D:9 exclusion: ice statue


Innate Abilities, Weirdness & Mutations

You have temporarily grown beastly horns.
((You are very nimble when in or above water. (Stealth+, EV+, Speed+++)))
Your lower body shifts to a powerful aquatic tail in water.


Message History

The ice beast is moderately wounded.
The ice beast barely misses you.
You hit the ice beast but do no damage. Your punch misses the ice beast.
The ice beast is moderately wounded.
The ice beast hits you. The ice beast freezes you.
You closely miss the ice beast.
The ice beast is moderately wounded.
The ice beast hits you but does no damage.
You barely miss the ice beast. You headbutt the ice beast!
The ice beast is severely wounded.
The ice beast hits you.
* * * LOW HITPOINT WARNING * * *
The ice beast freezes you!
* * * LOW HITPOINT WARNING * * *
Okay, then.
Okay, then.
Aiming: Wall Jump
Press: ? - help, Dir - move target A centaur and an orc come into view.
The orc is wielding a +0 dagger of venom.
You repeatedly attack the ice beast from above.
You closely miss the ice beast.
The ice beast is severely wounded.
You hit the ice beast but do no damage. You headbutt the ice beast.
The ice beast is almost dead.
The ice beast hits you.
* * * LOW HITPOINT WARNING * * *
The ice beast freezes you.
* * * LOW HITPOINT WARNING * * *
The ice beast misses you.
Okay, then.
Okay, then.
Aiming: Throw Flame
Press: ? - help, Shift-Dir - straight line, f - ice beast
Aim: an ice beast (almost dead, 71% to hit)
The puff of flame misses the ice beast.
The centaur shouts!
You hear a shout!
The centaur wields a +0 shortbow.
The centaur shoots an arrow.
The arrow hits you!
You die...

#~≈≈≈≈≈≈≈≈≈≈≈≈≈~~~~
###≈≈≈≈≈≈≈~~~≈~~~....
###≈≈~~≈≈~.............
.#≈~~~~.................
o.......................
c#........#######......#
.'..[....## #......#
#....°$Y## #......#
#.....@°.# #.)....#
########## #..###.#
#......# #......#
######......#
........#...#
........#...#
........#...#
........#...#


You could see an ice beast, a centaur and an orc.

Vanquished Creatures
  Grinder (D:5)
  A shadow (D:9)
  A wyvern (D:9)
  A wraith (D:9)
  A steam dragon (D:9)
  2 acid dragons (D:9)
  2 water moccasins (D:8)
  4 orc warriors
  12 ice beasts
  An ogre (D:5)
  2 phantoms (D:4)
  2 centaurs
  Blork the orc (D:5)
  3 kobold brigands
  2 necrophages
  3 bullfrogs
  A scorpion (D:7)
  5 killer bees (D:7)
  2 electric eels (D:9)
  4 howler monkeys
  7 crimson imps (D:7)
  Crazy Yiuf (D:4)
  4 orc priests
  3 hounds
  A jelly (D:5)
  A gnoll bouda (D:8)
  6 iguanas
  8 orc wizards
  12 gnolls
  6 adders
  A shadow imp (D:8)
  3 white imps (D:7)
  3 worms (D:5)
  4 dart slugs
  34 orcs
  8 endoplasms
  4 giant cockroaches
  4 goblins
  9 hobgoblins
  4 jackals
  5 quokkas
  7 ball pythons
  4 bats
  4 frilled lizards
  22 kobolds
  6 rats
222 creatures vanquished.

Vanquished Creatures (others)
  A fungus (D:9)
  4 plants
5 creatures vanquished.

Grand Total: 227 creatures vanquished

Notes
Turn   | Place    | Note
-------+----------+-------------------------------------------
     0 | D:1      | hnicke the Merfolk Transmuter began the quest for the Orb.
     0 | D:1      | Reached XP level 1. HP: 15/15 MP: 3/3
    20 | D:1      | Reached skill level 3 in Transmutations
   229 | D:1      | Reached XP level 2. HP: 21/21 MP: 3/5
   405 | D:1      | Reached skill level 4 in Transmutations
   916 | D:2      | Reached XP level 3. HP: 19/26 MP: 4/6
   984 | D:2      | Learned a level 2 spell: Wereblood
  1052 | D:2      | Reached skill level 5 in Transmutations
  1666 | D:2      | Reached XP level 4. HP: 29/32 MP: 7/7
  1886 | D:1      | Learned a level 3 spell: Spider Form
  3662 | D:2      | Reached skill level 1 in Poison Magic
  3922 | D:3      | Reached skill level 6 in Transmutations
  3922 | D:3      | Reached XP level 5. HP: 18/37 MP: 3/8
  4026 | D:3      | Found a stormy altar of Qazlal.
  4184 | D:3      | Reached skill level 7 in Transmutations
  4225 | D:3      | Reached XP level 6. HP: 34/43 MP: 6/9
  4237 | D:3      | Identified the +6 dagger of Kindness {vorpal, rPois Str+3
                  | Dex-3}
  5032 | D:4      | Reached skill level 8 in Transmutations
  5413 | D:4      | Found a runed translucent door.
  5414 | D:4      | Noticed Crazy Yiuf
  5427 | D:4      | Killed Crazy Yiuf
  5428 | D:4      | Reached skill level 9 in Transmutations
  5615 | D:4      | Reached XP level 7. HP: 30/48 MP: 7/10
  6288 | D:4      | Found a hazy altar of Hepliaklqana.
  6440 | D:5      | Entered Level 5 of the Dungeon
  6501 | D:5      | Noticed Blork the orc
  6516 | D:5      | Killed Blork the orc
  6517 | D:5      | Reached skill level 10 in Transmutations
  6614 | D:5      | Found a sacrificial altar of Ru.
  6614 | D:5      | Found a radiant altar of Vehumet.
  6617 | D:5      | Found a glowing golden altar of the Shining One.
  6617 | D:5      | Found a glowing silver altar of Zin.
  6618 | D:5      | Found a white marble altar of Elyvilon.
  6684 | D:5      | Noticed Grinder
  6694 | D:5      | Paralysed by Grinder for 4 turns
  6699 | D:5      | Killed Grinder
  6700 | D:5      | Reached skill level 11 in Transmutations
  6700 | D:5      | Reached XP level 8. HP: 45/54 MP: 7/11
  6705 | D:5      | Learned a level 4 spell: Ice Form
  7265 | D:5      | Reached skill level 1 in Ice Magic
  7412 | D:5      | Found an ornate altar of the Wu Jian Council.
  7544 | D:5      | Became a worshipper of the Wu Jian Council
  7869 | D:6      | Reached skill level 5 in Ice Magic
  7942 | D:6      | Found a shadowy altar of Dithmenos.
  7990 | D:6      | Reached skill level 12 in Transmutations
  8396 | D:6      | Found Heaphep's Magic Scroll Shoppe.
  8404 | D:6      | Bought a scroll of identify for 30 gold pieces
  8404 | D:6      | Bought a scroll of noise for 15 gold pieces
  8426 | D:6      | Reached XP level 9. HP: 50/65 MP: 7/12
  8463 | D:6      | Found Fuoceih's Magic Scroll Emporium.
  8521 | D:6      | Bought a scroll of identify for 22 gold pieces
  8521 | D:6      | Bought a scroll of identify for 22 gold pieces
  8790 | D:7      | Reached * piety under Wu Jian
  8798 | D:7      | Reached skill level 5 in Unarmed Combat
  8845 | D:7      | Learned a level 2 spell: Blink
  9058 | D:7      | Found a staircase to the Ecumenical Temple.
  9192 | Temple   | Entered the Ecumenical Temple
  9718 | D:6      | Reached ** piety under Wu Jian
 10531 | D:8      | Found a hide-covered altar of Uskayaw.
 10554 | D:8      | Noticed a two-headed ogre
 10922 | D:8      | Reached XP level 10. HP: 60/73 MP: 13/13
 10928 | D:8      | Reached skill level 5 in Dodging
 11394 | D:8      | Reached skill level 5 in Fighting
 13664 | D:9      | Found a staircase to the Lair.
 14087 | D:9      | Reached skill level 1 in Evocations
 14821 | D:9      | Noticed an ice statue
 15086 | D:9      | Shot with an arrow by a centaur

Illustrated notes

Levels and vault maps discovered:
D:1:      spicycebolla_arrival_ecumenical, layout_basic, kennysheep_boxes
D:2:      layout_loops_ring, nicolae_hexahallways
D:3:      layout_rooms, nicolae_qazlal_scattered_showers,
          minmay_misc_feat_four_crosses, st_stairs_7, minmay_circle_x
D:4:      layout_basic, nzn_hepliaklqana_mist_gate, uniq_crazy_yiuf_cottage
D:5:      layout_basic, good_gods_temple_1, lemuel_doored_altar,
          nicolae_overflow_hidden_temple, cheibrodos_sewer_entry_bend,
          uniq_grinder, uniq_blork_the_orc
D:6:      layout_cave_pools, lemuel_tele_altar, serial_shops,
          kennysheep_mini_moat, nicolae_shop_trees
D:7:      layout_gridville, minmay_temple_entry_glass, minmay_nine_imps
D:8:      layout_basic, kennysheep_mini, serial_corexii_hall,
          chequers_hall_statues_corner_a, chequers_hall_statues_y,
          serial_bayou_crossing
D:9:      minmay_twisted_water, layout_stronghold, dpeg_oklobed_lair
Temple:   grunt_temple_mini_profane

Skill      XL: |  1  2  3  4  5  6  7  8  9 10 |
---------------+-------------------------------+-----
Transmutations | 3 4 5 6 7 9 11 12 | 12.0
Poison Magic   | 1 2 3 |  3.0
Ice Magic      | 5 |  5.0
Fighting       | 3 4 6 |  6.0
Unarmed Combat | 8 9 |  9.2
Dodging        | 4 6 |  6.7
Evocations     | 3 |  3.6
Spellcasting   | |  2.0

Action                   |  1- 3 |  4- 6 |  7- 9 | 10-12 || total
-------------------------+-------+-------+-------+-------++-------
Melee: Unarmed           |    89 |   104 |   203 |    38 ||   434
       Headbutt          |    16 |    11 |    18 |    32 ||    77
       Punch             |     1 |     2 |     6 |    10 ||    19
       Dagger            |       |    69 |   108 |   128 ||   305
Throw: Stone             |     1 |     1 |       |       ||     2
       Dart              |       |       |       |     2 ||     2
       Throwing net      |       |       |       |     1 ||     1
 Cast: Beastly Appendage |    20 |    20 |    14 |    13 ||    67
       Wereblood         |     2 |     3 |     6 |     1 ||    12
       Spider Form       |       |     7 |    22 |     7 ||    36
       Ice Form          |       |       |     5 |     4 ||     9
Invok: Lunge             |       |       |    10 |     6 ||    16
       Whirlwind         |       |       |     6 |     5 ||    11
 Abil: End Transformatio |       |       |     4 |     2 ||     6
       Wall Jump         |       |       |     1 |     1 ||     2
Evoke: Wand              |       |       |     4 |     5 ||     9
  Use: Scroll            |       |     3 |     9 |       ||    12
       Potion            |       |     1 |     5 |       ||     6
 Stab: Sleeping          |     2 |       |       |       ||     2
Armor: Robe              |     9 |    15 |     8 |    12 ||    44
       Skin              |       |     3 |    43 |     3 ||    49
Dodge: Dodged            |    42 |   144 |   319 |   136 ||   641

Table legend: (Time is in decaauts)
 A = Elapsed time spent in this place.
 B = Non-inter-level travel time spent in this place.
 C = Inter-level travel time spent in this place.
 D = Time resting spent in this place.
 E = Time spent auto-exploring this place.
 F = Levels seen in this place.
 G = Mean time per level.
                   A        B        C        D        E       F      G
               +--------+--------+--------+--------+--------+-----+--------+
         Total |  15060 |  14526 |    534 |   6881 |   4998 |  10 | 1506.0 |
       Dungeon |  14819 |  14285 |    534 |   6643 |   4998 |   9 | 1646.6 |
        Temple |    240 |    240 |      0 |    238 |      0 |   1 |  240.0 |
               +--------+--------+--------+--------+--------+-----+--------+

Top non-repeatable levels by time:
     D:9: 2665 daAuts
     D:2: 2473 daAuts
     D:8: 1965 daAuts
     D:6: 1722 daAuts
     D:4: 1504 daAuts
     D:1: 1401 daAuts
     D:3: 1241 daAuts
     D:5: 1041 daAuts
     D:7: 804 daAuts
  Temple: 240 daAuts
